Map: Vallée des cactus EC

Players

zZPAULZz

  • Race: Protoss Protoss

AgCl - Winner!

  • Race: Protoss Protoss

VOD

Have the link to the VOD?

Description

Time

  • Played on: May 9, 2015, 8:46 p.m.
  • Length: 6:05
Show
View Real Time Build Order
Export as new Build Order

zZPAULZz Protoss 

Build Orders:  

Get SALT Encoding   

  12  0:05  Probe  
  13  0:17  Probe  
  14  0:22  Pylon  
  14  0:30  Assimilator  
  14  0:42  Gateway  
  14  0:43  Probe (Chrono Boost)  
  15  0:54  Probe (Chrono Boost)  
  16  1:00  Probe (Chrono Boost)  
  17  1:12  Probe (Chrono Boost)  
  18  1:18  Assimilator  
  18  1:24  Probe (Chrono Boost)  
  19  1:29  Zealot  
  22  1:32  Probe (Chrono Boost)  
  22  1:40  Pylon  
  22  1:52  Cybernetics Core  
  22  2:11  Nexus  
  22  2:13  Probe (Chrono Boost)  
  24  2:24  Probe (Chrono Boost), Pylon  
  24  2:28  Warp Gate (Chrono Boost)  
  24  2:36  Mothership Core (Chrono Boost)  
  26  2:50  Probe (Chrono Boost)  
  26  2:52  Forge  
  26  2:58  Gateway  
  26  3:03  Adept  
  28  3:10  Probe (Chrono Boost)  
  30  3:20  Probe (Chrono Boost)  
  30  3:25  Probe (Chrono Boost)  
  31  3:37  Probe, Pylon  
  32  3:43  Robotics Facility  
  32  3:49  Probe (Chrono Boost)  
  33  4:00  Probe (Chrono Boost)  
  35  4:02  Probe (Chrono Boost)  
  35  4:06  Probe (Chrono Boost)  
  36  4:11  Probe  
  37  4:18  Probe (Chrono Boost), Gateway  
  37  4:22  Twilight Council  
  38  4:30  Probe (Chrono Boost), Assimilator  
  39  4:38  Probe (Chrono Boost), Adept x2  
  44  5:06  Robotics Facility  
  44  5:16  Pylon  
  44  5:19  Forge  
  44  5:38  Pylon  
  44  5:40  Pylon  
Show
View Real Time Build Order
Export as new Build Order

AgCl Protoss - Winner!

Build Orders: Dark Templar Rush 

Get SALT Encoding   

  12  0:18  Pylon  
  12  0:28  Assimilator  
  12  0:39  Gateway  
  12  1:01  Probe (Chrono Boost), Pylon  
  14  1:11  Probe (Chrono Boost)  
  15  1:18  Probe  
  15  1:30  Probe (Chrono Boost)  
  15  1:31  Cybernetics Core  
  17  1:40  Probe (Chrono Boost)  
  17  1:47  Probe (Chrono Boost)  
  18  1:54  Assimilator  
  18  1:58  Probe (Chrono Boost)  
  19  2:05  Probe (Chrono Boost)  
  20  2:10  Twilight Council  
  20  2:16  Adept  
  20  2:20  Warp Gate (Chrono Boost)  
  20  2:22  Pylon  
  22  2:23  Probe  
  23  2:35  Probe  
  24  2:47  Probe  
  25  2:58  Dark Shrine  
  25  2:59  Probe (Chrono Boost)  
  26  3:10  Probe (Chrono Boost)  
  27  3:16  Probe  
  28  3:20  Gateway  
  28  3:22  Gateway  
  28  3:25  Gateway  
  28  3:35  Probe  
  29  3:44  Pylon  
  29  3:47  Probe  
  30  3:59  Probe  
  30  4:10  Nexus  
  30  4:12  Pylon  
  30  4:22  Dark Templar  
  32  4:24  Dark Templar  
  34  4:31  Dark Templar  
  34  4:38  Dark Templar  
  38  5:07  Dark Templar  
  40  5:15  Probe  
  40  5:16  Forge  
  40  5:18  Assimilator  
  41  5:23  Robotics Facility  
  41  5:26  Pylon  
  41  5:27  Probe  
  42  6:01  Dark Templar  
Tags
 
Add a new tag
Caveats
  • Supply blocks, unpowered buildings, or Contaminate may cause inaccurate times.
  • Supply counts are checked every 10 seconds.